 Dungeon Crawl Stone Soup version 0.22-a0-44-geb883ae (webtiles) character file.

15315 KristoblXynda the Basher (level 12, -7/118 HPs)
             Began as an Ogre Gladiator on Jan 6, 2018.
             Was an Elder of Yredelemnul.
             Mangled by a two-headed ogre
             ... wielding a +0 giant spiked club
              (27 damage)
             ... on level 12 of the Dungeon.
             The game lasted 00:30:24 (9965 turns).

KristoblXynda the Basher (Ogre Gladiator)           Turns: 9965, Time: 00:30:25

Health: -7/118     AC:  5    Str: 21    XL:     12   Next: 25%
Magic:  18/18      EV: 19    Int: 13    God:    Yredelemnul [****..]
Gold:   438        SH:  0    Dex: 10    Spells: 11/11 levels left

rFire    + . .     SeeInvis .   E - +1 morningstar (flame)
rCold    + . .     Gourm    .   (no shield)
rNeg     . . .     Faith    .   J - +0 troll leather armour
rPois    .         Spirit   .   c - +0 hat
rElec    .         Reflect  .   r - scarf {rC+ rF+}
rCorr    .         Harm     .   (gloves unavailable)
MR       +....                  (boots unavailable)
Stlth    +.........             h - amulet of regeneration
HPRegen  1.09/turn              k - +4 ring of evasion
MPRegen  0.16/turn              H - +3 ring of evasion

@: no status effects
A: large, unfitting armour, tough skin 1
a: Recall Undead Slaves, Injury Mirror, Animate Dead, Drain Life, Renounce
Religion


You were on level 12 of the Dungeon.
You worshipped Yredelemnul.
Yredelemnul was greatly pleased with you.
You were not hungry.

You visited 2 branches of the dungeon, and saw 12 of its levels.

You collected 438 gold pieces.

Inventory:

Hand Weapons
 C - a +2 whip of electrocution
 E - a +1 morningstar of flaming (weapon)
Missiles
 d - 3 throwing nets
 o - 3 silver javelins
 D - 3 javelins
 I - 2 large rocks (quivered)
Armour
 c - a +0 hat (worn)
 r - a scarf of resistance (worn)
 w - a +2 robe of magic resistance
 y - +0 steam dragon scales
 J - a +0 troll leather armour (worn)
Jewellery
 h - an amulet of regeneration (around neck)
 k - a +4 ring of evasion (left hand)
 B - an uncursed amulet of guardian spirit
 H - a +3 ring of evasion (right hand)
Wands
 p - a wand of acid (3)
 F - a wand of iceblast (19)
Scrolls
 g - 4 scrolls of immolation
 l - 2 scrolls of amnesia
 m - 2 scrolls of remove curse
 s - a scroll of fear
 t - 5 scrolls of teleportation
 L - a scroll of identify
Potions
 b - a potion of heal wounds
 e - 4 potions of agility
 i - 3 potions of invisibility
 j - 2 potions of haste
 n - 2 potions of flight
 q - 3 potions of curing
 u - a potion of ambrosia
 v - a potion of magic
 z - 2 potions of brilliance
 A - a potion of degeneration {unknown}
 G - a potion of might
 K - a potion of mutation
Books
 x - a book of Power

   Spells                             Type                      Level
   a - Iskenderun's Battlesphere      Conjuration/Charms           5
   b - Venom Bolt                     Conjuration/Poison           5
   c - Bolt of Magma                  Conjuration/Fire/Earth       5
   d - Iron Shot                      Conjuration/Earth            6
   e - Orb of Destruction             Conjuration                  7
   f - Spellforged Servitor           Conjuration/Summoning        7
Miscellaneous
 a - a fan of gales
Comestibles
 f - 13 rations


   Skills:
 - Level 7.0 Fighting
 + Level 11.6 Maces & Flails
 - Level 6.0 Throwing
 - Level 5.0 Armour
 + Level 8.0 Dodging
 + Level 9.2 Invocations


You had 11 spell levels left.
You didn't know any spells.

Dungeon Overview and Level Annotations

Branches:
Dungeon (12/15)            Temple (1/1) D:5            Lair (0/6) D:11
    Orc (0/2) D:9

Altars:
Ashenzari
Cheibriados
Dithmenos
Elyvilon
Fedhas
Gozag
Hepliaklqana
Kikubaaqudgha
Makhleb
Nemelex Xobeh
Okawaru
Qazlal
Ru
Sif Muna
Trog
Uskayaw
Vehumet
Wu Jian
Xom
Yredelemnul
Zin
The Shining One

Shops:
D:4 [

Annotations:
D:6 exclusion: oklob plant
D:10 1 runed door


Innate Abilities, Weirdness & Mutations

You are too large for most types of armour.
You have tough skin. (AC +1)


Message History

Evoke which item? (* to show all) (? for menu, Esc to quit)
Aiming: Corrosive Bolt
Press: ? - help, Shift-Dir - straight line The bolt of acid hits the cyan ugly thing.
The cyan ugly thing is splashed with acid.
The cyan ugly thing is severely wounded.
The cyan ugly thing headbutts you! The cyan ugly thing shocks you!
Unknown command.
You bludgeon the cyan ugly thing!! You burn the cyan ugly thing.
The cyan ugly thing is almost dead.
The cyan ugly thing headbutts you. The cyan ugly thing shocks you!
The two-headed ogre barely misses you.
The two-headed ogre hits you with a giant spiked club.
You hit the cyan ugly thing but do no damage.
The cyan ugly thing is almost dead.
The cyan ugly thing headbutts you. The cyan ugly thing shocks you!
* * * LOW HITPOINT WARNING * * *
The two-headed ogre hits you with a giant spiked club!!
You die...
Your body rises from the dead as a mindless zombie.

# #.# **,, # #.# *,,* ###### #.#
*,** .....# #.# *****,** .....#
#.# *,,,,,,, .....####### #.#
*,,,,,,,
.....Z.....#####.########*,,,,,,,
....Z#####..ZZzzzO$......,,,,,,,,
.....# #######@########*,,,,,,,
.....# #u# *,,,,,,, .....# #.#
*,,,,,,, .....# #.# ********
###### #.#** #..,* *****###+***
******* *,,,,,,,,,,*
,,,,,,*****,,,,,,,,,,*


You could see a cyan ugly thing, a two-headed ogre, 3 friendly flying skulls, a
friendly worker ant zombie and a friendly orc priest zombie.

Vanquished Creatures
  2 two-headed ogres
  A hydra (D:12)
  The ghost of Lanoc the Spear-Bearer, a novice MfGl of Fedhas (D:7)
  2 ugly things (D:11)
  A cyclops (D:11)
  4 centaur zombies (D:10)
  Joseph (D:10)
  A gargoyle (D:11)
  2 trolls (D:11)
  A hippogriff (D:9)
  3 slime creatures (D:10)
  Sigmund (D:6)
  A wyvern (D:10)
  Eustachio (D:6)
  14 yaks
  2 hungry ghosts
  A steam dragon (D:9)
  Menkaure (D:5)
  A soldier ant (D:10)
  A warg (D:9)
  The ghost of Paulus the Caller, an amateur DESu of Fedhas (D:5)
  A porcupine (D:11)
  7 orc warriors
  2 sky beasts
  2 ice beasts
  2 necrophages
  A black bear (D:4)
  4 ogres
  3 centaurs
  3 big kobolds (D:11)
  6 bullfrogs
  A wyvern skeleton (D:5)
  A wyvern zombie (D:9)
  5 scorpions
  A yak zombie (D:11)
  3 wights (D:6)
  3 howler monkeys (D:10)
  2 crimson imps
  The ghost of KristoblXynda the Charmwright, a weakling SpSk (D:3)
  7 hounds
  A quasit (D:10)
  A jelly (D:10)
  A centaur skeleton (D:12)
  10 orc priests
  11 orc wizards
  5 bullfrog skeletons
  Jessica (D:2)
  Natasha (thrice) (D:2)
  2 iguanas
  8 worker ants
  A killer bee zombie (D:7)
  3 hound zombies
  A hound skeleton (D:6)
  2 worker ant zombies (D:11)
  4 gnolls (D:5)
  5 adders
  2 shadow imps
  An ooze (D:7)
  3 worms
  2 dart slugs (D:1)
  6 leopard geckos
  41 orcs
  2 ball pythons
  2 giant cockroaches
  10 hobgoblins
  9 jackals
  14 kobolds
  5 quokkas
  12 bats
  7 frilled lizards
  8 goblins
  A jackal skeleton (D:9)
  A leopard gecko skeleton (D:6)
  A quokka skeleton (D:9)
  7 rats
291 creatures vanquished.

Vanquished Creatures (collateral kills)
  Snorg (D:10)
  A hippogriff (D:11)
  2 porcupines (D:11)
  2 orc warriors
  2 crocodiles (D:11)
  3 centaurs (D:11)
  3 bullfrogs (D:11)
  A bullfrog skeleton (D:11)
  An iguana (D:11)
  A worker ant (D:12)
  An adder (D:11)
  4 orcs
  8 kobolds (D:11)
30 creatures vanquished.

Vanquished Creatures (others)
  A flying skull (D:12)
  A bullfrog zombie (D:11)
  2 big kobold zombies (D:11)
  A mummy (D:11)
  3 orc zombies (D:11)
  An orc (D:9)
  11 kobold zombies (D:11)
  12 fungi (D:11)
32 creatures vanquished.

Grand Total: 353 creatures vanquished

Notes
Turn   | Place    | Note
-------+----------+-------------------------------------------
     0 | D:1      | KristoblXynda the Ogre Gladiator began the quest for the Orb.
     0 | D:1      | Reached XP level 1. HP: 22/22 MP: 1/1
   159 | D:1      | Reached XP level 2. HP: 29/29 MP: 2/2
   182 | D:1      | Reached skill level 3 in Maces & Flails
   619 | D:1      | Reached XP level 3. HP: 33/36 MP: 3/3
  1304 | D:2      | Noticed Natasha
  1312 | D:2      | Killed Natasha
  1312 | D:2      | Reached XP level 4. HP: 36/45 MP: 4/4
  1492 | D:2      | Noticed Natasha
  1500 | D:2      | Killed Natasha
  1829 | D:2      | Reached skill level 4 in Maces & Flails
  1869 | D:2      | Noticed Jessica
  1870 | D:2      | Noticed Natasha
  1889 | D:2      | Killed Jessica
  1889 | D:2      | Reached XP level 5. HP: 52/53 MP: 5/5
  1910 | D:2      | Found a sparkling altar of Nemelex Xobeh.
  1915 | D:2      | Killed Natasha
  2014 | D:3      | Noticed KristoblXynda's ghost (weakling SpSk)
  2090 | D:3      | Killed KristoblXynda's ghost
  2410 | D:3      | Reached XP level 6. HP: 56/62 MP: 6/6
  2535 | D:4      | Found a radiant altar of Vehumet.
  2617 | D:4      | Found a bloodstained altar of Trog.
  2618 | D:4      | Found a basalt altar of Yredelemnul.
  2647 | D:4      | Reached skill level 5 in Maces & Flails
  2736 | D:4      | Found Hoduv's Antique Armour Emporium.
  2780 | D:4      | Became a worshipper of Yredelemnul the Dark
  2876 | D:4      | Noticed a black bear
  2887 | D:4      | Killed a black bear
  2887 | D:4      | Reached skill level 5 in Fighting
  2887 | D:4      | Reached XP level 7. HP: 64/72 MP: 7/7
  3018 | D:5      | Entered Level 5 of the Dungeon
  3018 | D:5      | Noticed Menkaure
  3022 | D:5      | Killed Menkaure
  3097 | D:5      | Reached skill level 6 in Maces & Flails
  3237 | D:5      | Reached XP level 8. HP: 74/83 MP: 8/8
  3375 | D:5      | Noticed Paulus's ghost (amateur DESu)
  3379 | D:5      | Killed Paulus's ghost
  3379 | D:5      | Reached skill level 5 in Throwing
  3591 | D:5      | Found a staircase to the Ecumenical Temple.
  3614 | Temple   | Entered the Ecumenical Temple
  4146 | D:6      | Reached skill level 7 in Maces & Flails
  4315 | D:6      | Noticed Sigmund
  4319 | D:6      | Noticed Eustachio
  4327 | D:6      | Killed Sigmund
  4367 | D:6      | Found a blossoming altar of Fedhas.
  4380 | D:6      | Noticed an oklob plant
  4460 | D:6      | Reached skill level 1 in Invocations
  4475 | D:6      | Found a shimmering altar of Xom.
  4493 | D:6      | Got a dazzling dagger
  4494 | D:6      | Identified the +6 dagger of Infinity {flame, rC- Str+5 Int+2} (You found it on level 6 of the Dungeon)
  4593 | D:6      | Reached * piety under Yredelemnul
  4593 | D:6      | Reached XP level 9. HP: 81/93 MP: 10/10
  4640 | D:6      | Killed Eustachio
  4640 | D:6      | Reached skill level 8 in Maces & Flails
  4829 | D:6      | Found a burning altar of Makhleb.
  5360 | D:7      | Noticed Lanoc's ghost (novice MfGl)
  5415 | D:7      | HP: 1/93 [Lanoc's ghost (11)]
  5423 | D:7      | Killed Lanoc's ghost
  5423 | D:7      | Reached skill level 9 in Maces & Flails
  6193 | D:7      | You fall through a shaft for 2 floors!
  6213 | D:9      | Reached XP level 10. HP: 86/102 MP: 13/13
  6233 | D:9      | Noticed a two-headed ogre
  6253 | D:9      | Killed a two-headed ogre
  6253 | D:9      | Reached skill level 5 in Invocations
  6273 | D:9      | Reached skill level 5 in Dodging
  6283 | D:9      | Reached ** piety under Yredelemnul
  6332 | D:9      | Reached skill level 10 in Maces & Flails
  6628 | D:9      | Found a staircase to the Orcish Mines.
  7120 | D:9      | Reached skill level 1 in Armour
  7487 | D:10     | Entered Level 10 of the Dungeon
  7547 | D:10     | Reached XP level 11. HP: 108/109 MP: 16/16
  7794 | D:10     | Reached *** piety under Yredelemnul
  8126 | D:10     | Noticed Joseph
  8143 | D:10     | Noticed Snorg
  8293 | D:10     | Noticed a two-headed ogre
  8308 | D:10     | Killed a two-headed ogre
  8618 | D:10     | Killed Joseph
  8618 | D:10     | Reached skill level 11 in Maces & Flails
  8765 | D:10     | Found a runed door.
  8765 | D:10     | Noticed a great orb of eyes
  8765 | D:10     | Noticed an ettin
  8765 | D:10     | Noticed a stone giant
  8767 | D:10     | Noticed a catoblepas
  8767 | D:10     | Noticed a fire giant
  8767 | D:10     | Noticed a deep troll
  8767 | D:10     | Noticed an ogre mage
  8767 | D:10     | Noticed a yaktaur captain
  8845 | D:11     | Noticed a green ugly thing
  9003 | D:11     | Reached **** piety under Yredelemnul
  9029 | D:11     | Killed a green ugly thing
  9093 | D:11     | Noticed a cyclops
  9108 | D:11     | Killed a cyclops
  9154 | D:11     | Received a gift from Yredelemnul (a mummy)
  9350 | D:11     | Received a gift from Yredelemnul (5 flying skulls)
  9355 | D:11     | Reached XP level 12. HP: 90/118 MP: 18/18
  9486 | D:11     | Got a scorched falchion
  9488 | D:11     | Identified the +7 falchion "Tenge" {drain, rPois rF+ MR+} (You found it on level 11 of the Dungeon)
  9556 | D:11     | Found a staircase to the Lair.
  9688 | D:10     | Killed Snorg
  9688 | D:10     | Reached skill level 5 in Armour
  9874 | D:12     | Noticed an eight-headed hydra
  9878 | D:12     | Killed an eight-headed hydra
  9954 | D:12     | Noticed a two-headed ogre
  9965 | D:12     | Mangled by a two-headed ogre

Vault maps used:
D:1:      dpeg_arrival_chase
D:2:      nemelex_xobeh_ov_fountains_minmay, uniq_jessica, uniq_natasha
D:3:      first_ration, grunt_decor_one_mirror
D:4:      black_bear_nest_2, old_standard_altar, grunt_temple_overflow_open,
          serial_shops, nicolae_shop_waterfront, kennysheep_generic_room_6
D:5:      minmay_temple_entry_nine_rooms, wad_floor_pattern_1, uniq_menkaure
D:6:      lemuel_doored_altar, tgw_fedhas, makhleb_blood_cavern_becter,
          uniq_sigmund, uniq_eustachio
D:9:      erik_orc_4
D:10:     minmay_gate_of_8, uniq_snorg, uniq_joseph
D:11:     due_lair_maze_entry_diamond
D:12:     hangedman_little_slice_of_home, grunt_decor_mini_mirrors
Temple:   eino_temple_scatter_basement

Skill      XL: |  1  2  3  4  5  6  7  8  9 10 11 12 |
---------------+-------------------------------------+-----
Maces & Flails | 3 4 5 6 7 9 10 11 | 11.6
Dodging        | 3 4 6 7 8 |  8.0
Fighting       | 3 4 5 6 7 |  7.0
Throwing       | 3 4 5 6 |  6.0
Invocations    | 1 4 6 8 9 |  9.2
Armour         | 2 4 5 |  5.0

Action                   |  1- 3 |  4- 6 |  7- 9 | 10-12 || total
-------------------------+-------+-------+-------+-------++-------
Melee: Flail             |   103 |   232 |   133 |       ||   468
       Morningstar       |       |       |   239 |   424 ||   663
       Dagger            |       |       |    12 |       ||    12
       Whip              |       |       |       |   198 ||   198
Throw: Throwing net      |       |     2 |       |     4 ||     6
       Javelin           |       |     1 |     2 |     7 ||    10
       Large rock        |       |       |       |     1 ||     1
Invok: Animate Dead      |       |       |       |    13 ||    13
Evoke: Wand              |       |     6 |    12 |     8 ||    26
  Use: Scroll            |     2 |     5 |    11 |    10 ||    28
       Potion            |       |     2 |     6 |     2 ||    10
 Stab: Sleeping          |     1 |       |     1 |       ||     2
       Distracted        |       |       |       |     4 ||     4
       Held in net/web   |       |       |       |     2 ||     2
  Eat: Chunk             |     1 |     2 |     3 |     8 ||    14
       Ration            |       |     1 |     5 |     3 ||     9
Armor: Robe              |    55 |    58 |    82 |     8 ||   203
       Skin              |       |       |    63 |    11 ||    74
       Steam dragon scal |       |       |       |   106 ||   106
       Troll leather arm |       |       |       |    17 ||    17
Dodge: Dodged            |    93 |   189 |   274 |   614 ||  1170

Table legend:
 A = Spawn XP
 B = Non-spawn XP
 C = Spawn XP percentage of total XP
 D = Spawn monster count
 E = Non-spawn monster count
 F = Spawn count percentage of total count
 G = Total turns spent on level
                    A         B        C        D         E        F      G
               +---------+---------+-------+---------+---------+-------+---------
         Total |       0 |   21879 |   0.0 |       0 |     321 |   0.0 |  9965
               +---------+---------+-------+---------+---------+-------+---------
           D:1 |       0 |      49 |   0.0 |       0 |      30 |   0.0 |  1202
           D:2 |       0 |     178 |   0.0 |       0 |      20 |   0.0 |   797
           D:3 |       0 |      96 |   0.0 |       0 |      20 |   0.0 |   514
           D:4 |       0 |     381 |   0.0 |       0 |      15 |   0.0 |   505
           D:5 |       0 |     844 |   0.0 |       0 |      19 |   0.0 |   729
           D:6 |       0 |    1158 |   0.0 |       0 |      23 |   0.0 |  1099
           D:7 |       0 |    1841 |   0.0 |       0 |      26 |   0.0 |  1173
           D:9 |       0 |    4354 |   0.0 |       0 |      48 |   0.0 |  1294
          D:10 |       0 |    5913 |   0.0 |       0 |      43 |   0.0 |  1438
          D:11 |       0 |    5801 |   0.0 |       0 |      68 |   0.0 |   805
          D:12 |       0 |    1264 |   0.0 |       0 |       9 |   0.0 |   235
               +---------+---------+-------+---------+---------+-------+---------
